 Dungeon Crawl Stone Soup version 0.20-a0-435-gf4ea4dd (webtiles) character file.

56 Colliwobble the Unweaver (level 3, -1/29 HPs)
             Began as a Demonspawn Abyssal Knight on Jan 5, 2017.
             Was a Follower of Lugonu.
             Slain by a sky beast (5 damage)
             ... on level 2 of the Dungeon.
             The game lasted 00:03:59 (3027 turns).

Colliwobble the Unweaver (DsAK)                     Turns: 3027, Time: 00:03:59

Health: -1/29      AC:  3    Str: 13    XL:     3   Next: 71%
Magic:  0/5        EV: 11    Int: 13    God:    Lugonu [*.....]
Gold:   63         SH:  0    Dex: 12    Spells: 2/2 levels left

rFire  . . .     SeeInvis .     a - +1 spear
rCold  . . .     Gourm    .     j - +0 leather armour
rNeg   . . .     Faith    .     (no shield)
rPois  .         Spirit   +     (no helmet)
rElec  .         Reflect  .     (no cloak)
rCorr  .         Harm     .     (no gloves)
MR     .....                    (no boots)
Stlth  +.........               (no amulet)
                                (no ring)
                                (no ring)

@: starving
A: magic shield, rot immunity
a: Depart the Abyss, Renounce Religion


You were on level 2 of the Dungeon.
You worshipped Lugonu.
Lugonu was aware of your devotion.
You were starving.

You visited 1 branch of the dungeon, and saw 3 of its levels.
You visited the Abyss 1 time.

You collected 63 gold pieces.

Inventory:

Hand Weapons
 a - a +1 spear (weapon)
 b - a +0 hunting sling
Missiles
 m - 14 sling bullets
Armour
 j - a +0 leather armour (worn)
Scrolls
 e - 5 scrolls of identify {unknown}
 i - 2 scrolls of enchant weapon {unknown}
 k - a scroll of magic mapping {unknown}
 l - a scroll of noise {unknown}
 n - a scroll of amnesia {unknown}
 o - a scroll of fog {unknown}
 p - a scroll of teleportation {unknown}
Potions
 d - a potion of mutation {unknown}
 f - 2 potions of curing {unknown}
 g - a potion of flight {unknown}
Comestibles
 c - 2 bread rations
 h - a meat ration


   Skills:
 - Level 3.0 Fighting
 * Level 3.2 Polearms
 - Level 1.7 Armour
 - Level 0.8 Dodging
 + Level 3.5 Invocations


You had 2 spell levels left.
You didn't know any spells.

Dungeon Overview and Level Annotations

Branches:
Dungeon (3/15)

Altars:

Annotations:
D:3 Sigmund


Innate Abilities, Weirdness & Mutations

When hurt, damage is shared between your health and your magic reserves.
You are immune to rotting.


Message History

Deactivating autopickup; reactivate with Ctrl-A.
You need to eat something NOW!
Something hits you.
* * * LOW HITPOINT WARNING * * *
Something shocks you.
* * * LOW HITPOINT WARNING * * *
You enter the shallow water.
Moving in this stuff is going to be slow.
Something hits you but does no damage.
A sky beast appears from thin air!
Reactivating autopickup.
The sky beast barely misses you.
You enter the shallow water.
Moving in this stuff is going to be slow.
The sky beast flickers out of sight!
Deactivating autopickup; reactivate with Ctrl-A.
Something hits you.
* * * LOW HITPOINT WARNING * * *
Something shocks you.
You die...

#.#......#######................
#.#......#......###############.
#.######.######.# ## ##.##
#........# #### ....#
#######..###### ##≈≈## ##..#
######.......### ##≈≈### #..#
#.......###....###≈≈##.. #..#
#.......# #.##..##≈≈≈#.. ##..#
#....#.@# #.#...#≈≈≈##.. ....#
#....#..# #.....≈≈≈≈P≈.. ##.##
#....#..###..≈.≈≈≈≈≈≈... ##.#
###............≈≈≈≈≈≈≈≈... ...#
#...........≈.≈≈≈≈P≈≈...#.
.#.#####.##....≈.≈.≈≈≈≈≈≈P.≈.....
............≈≈.≈≈P≈≈≈≈≈≈≈≈...###.
..P....≈≈.P.≈≈≈≈≈≈≈≈≈≈≈≈≈≈..## #.
.≈≈≈≈≈≈P≈.≈≈≈≈≈≈≈≈≈≈≈P≈≈P...# #.


There were no monsters in sight!

Vanquished Creatures
  An ooze (D:2)
  2 worms
  A dart slug (D:1)
  3 leopard geckos
  An orc (D:3)
  2 giant cockroaches
  9 hobgoblins
  A quokka (D:2)
  3 bats
  8 goblins
  5 kobolds
  3 rats
39 creatures vanquished.

Notes
Turn   | Place    | Note
-------+----------+-------------------------------------------
     0 | Abyss:1  | Colliwobble the Demonspawn Abyssal Knight began the quest for the Orb.
     0 | Abyss:1  | Reached XP level 1. HP: 18/18 MP: 2/2
    43 | Abyss:1  | Noticed a glowing orange brain
    44 | Abyss:1  | Noticed an ancient zyme
    44 | D:1      | Escaped the Abyss
   347 | D:1      | Reached * piety under Lugonu
   426 | D:1      | Gained mutation: You are immune to rotting. [demonic ancestry]
   426 | D:1      | Reached XP level 2. HP: 19/24 MP: 4/4
  1435 | D:2      | Gained mutation: When hurt, damage is shared between your health and your magic reserves. [demonic ancestry]
  1435 | D:2      | Reached XP level 3. HP: 29/29 MP: 5/5
  2518 | D:3      | Noticed Sigmund
  2846 | D:3      | Noticed a sky beast
  3027 | D:2      | Slain by a sky beast

Vault maps used:
D:1:      minmay_arrival_widening_spiral_wide
D:2:      chequers_big_river
D:3:      first_bread, uniq_natasha, uniq_sigmund

Skill      XL: |  1  2  3 |
---------------+----------+-----
Polearms       | 2 3 |  3.2
Invocations    | 3 |  3.5
Fighting       | |  3.0
Armour         | |  1.7
Dodging        | |  0.8

Action                   || total
-------------------------++-------
Melee: Spear             ||   162
 Fire: Hunting sling     ||    10
Invok: Depart the Abyss  ||     1
  Eat: Chunk             ||     3
       Beef jerky        ||     1
Armor: Leather armour    ||    34
Dodge: Dodged            ||    84
